 Dungeon Crawl Stone Soup version 0.29.1-13-g9f3cf754e1 (webtiles) character file.

Game seed: 14314725596621046376

5108 cheesebisquit the Cleaver (level 10, -4/90 HPs)
             Began as a Minotaur Berserker on Jan 22, 2023.
             Was a Believer of Trog.
             Slain by an efreet
             ... wielding a +2 scimitar of flaming
              (23 damage)
             ... on level 8 of the Dungeon.
             The game lasted 00:24:26 (8973 turns).

cheesebisquit the Cleaver (Minotaur Berserker)      Turns: 8973, Time: 00:24:26

Health: -4/90      AC: 12    Str: 26    XL:     10   Next: 32%
Magic:  9/9        EV:  9    Int:  4    God:    Trog [**....]
Gold:   218        SH:  5    Dex: 10    Spells: 9/9 levels left

rFire   . . .      SeeInvis .   w - +2 war axe (freeze)
rCold   . . .      Faith    .   (no shield)
rNeg    . . .      Spirit   .   i - +0 chain mail
rPois   +          Reflect  +   (helmet restricted)
rElec   .          Harm     .   (no cloak)
rCorr   .          Rampage  .   o - +0 pair of gloves
Will    ++...                   (no boots)
Stlth   ..........              E - amulet of reflection
HPRegen 1.25/turn               a - ring of poison resistance
MPRegen 0.11/turn               (no ring)

@: strong-willed, on berserk cooldown, regenerating, hasted and slowed
A: horns 2, retaliatory headbutt
a: Renounce Religion, Berserk, Trog's Hand


You were on level 8 of the Dungeon.
You worshipped Trog.
Trog was pleased with you.
You visited 1 branch of the dungeon, and saw 8 of its levels.

You collected 380 gold pieces.
You spent 162 gold pieces at shops.

Inventory:

Hand Weapons
 w - a +2 war axe of freezing (weapon)
Missiles
 n - 13 poisoned darts (quivered)
 D - 3 atropa-tipped darts
Armour
 i - a +0 chain mail (worn)
 o - a +0 pair of gloves (worn)
Jewellery
 a - a ring of poison resistance (left hand)
 E - an amulet of reflection (around neck)
Wands
 g - a wand of digging (8)
 y - a wand of flame (4)
Scrolls
 b - a scroll of immolation {unknown}
 d - 9 scrolls of teleportation
 f - 3 scrolls of magic mapping
 h - a scroll of summoning {unknown}
 j - 2 scrolls of blinking
 k - a scroll of fear {unknown}
 m - a scroll of vulnerability {unknown}
 p - a scroll of noise {unknown}
 t - a scroll of fog {unknown}
 v - 2 scrolls of enchant armour {unknown}
 A - a scroll of silence {unknown}
Potions
 c - a potion of lignification
 e - 2 potions of ambrosia
 l - 2 potions of mutation
 q - a potion of flight {unknown}
 r - a potion of berserk rage {unknown}
 s - 4 potions of attraction
 u - a potion of haste
 x - a potion of heal wounds {unknown}
 z - a potion of resistance {unknown}
 B - a potion of magic {unknown}
 C - a potion of curing {unknown}


   Skills:
 + Level 8.6 Fighting
 * Level 14.8 Axes
 + Level 8.1 Armour
 - Level 2.5 Dodging


You had 9 spell levels left.
You didn't know any spells.
Your spell library was empty.

Dungeon Overview and Level Annotations

Branches:
Dungeon (8/15)             Temple (0/1) D:7
   Lair: D:8-11

Altars:
Gozag
Ru
Sif Muna
Trog
Uskayaw
Yredelemnul
Zin

Shops:
D:1 *   D:3 :


Innate Abilities, Weirdness & Mutations

You have a pair of horns on your head.
You reflexively headbutt those who attack you in melee.


Message History

The orc priest calls down the wrath of Beogh upon you.
Beogh smites you!
You closely miss the orc priest. You headbutt the orc priest.
The orc priest is moderately wounded.
A gnoll bouda comes into view. It is wielding a +0 club.
The orc priest barely misses you.
You hit the orc priest. You freeze the orc priest.
The orc priest is heavily wounded.
Your skin stops crawling.
You feel less strong-willed.
The orc priest mumbles some strange prayers to Beogh against you.
You struggle to resist.
You completely miss the orc priest.
The orc priest is heavily wounded.
The gnoll bouda barks out a call to the hunt!
The gnoll picks up the pace!
The orc priest closely misses you.
You closely miss the orc priest. You headbutt the orc priest!
You kill the orc priest!
Trog accepts your kill.
The gnoll bouda barks out a call to the hunt!
You hear a shout!
You hit the efreet but do no damage. You headbutt the efreet!
The efreet is moderately wounded.
The efreet hits you with a +2 scimitar of flaming.
The efreet burns you. The gnoll barely misses you. The efreet gestures at you.
The bolt of fire hits you!
* * * LOW HITPOINT WARNING * * *
Okay, then.
You feel yourself speed up. You block the gnoll's attack.
A gnoll comes into view. It is wielding a +0 spear.
The efreet hits you with a +2 scimitar of flaming.
* * * LOW HITPOINT WARNING * * *
The efreet burns you.
* * * LOW HITPOINT WARNING * * *
You block the gnoll's attack.
Your skin crawls.
You feel strong-willed.
The efreet hits you with a +2 scimitar of flaming!!
You die...

#..#..# #..#
# ###..#..#
#..###
#...##.. ####
##..##
#...#..#.....
#...#
#...#o..°○°○○
#....
#..##)..# #
##.##
#..#☼####...
#.##
#..R##......
#...
#...@.gg.#
....
#........#
....
########..g.
..... ###
.....


You could see an efreet, a gnoll bouda and 2 gnolls.

Vanquished Creatures
  A centaur warrior (D:8)
  Pikel (D:5)
  A gargoyle (D:8)
  A hornet (D:8)
  A water moccasin (D:7)
  An orc warrior (D:6)
  An ice beast (D:5)
  3 sky beasts
  4 black bears
  3 ogres
  2 centaurs
  A lemure (D:5)
  A necrophage (D:4)
  3 bullfrogs
  5 scorpions
  5 wights (D:7)
  7 killer bees
  5 howler monkeys
  2 jellies
  5 orc priests
  2 hounds
  2 gnoll boudas
  4 iguanas
  7 orc wizards
  13 gnolls
  6 adders
  A shadow imp (D:8)
  2 white imps
  3 worms
  A dart slug (D:2)
  25 orcs
  8 endoplasms
  2 giant cockroaches
  7 goblins
  5 hobgoblins
  7 quokkas
  8 ball pythons
  3 bats
  6 frilled lizards
  9 kobolds
  A rat (D:3)
175 creatures vanquished.

Vanquished Creatures (others)
  An orc priest (D:6)
  An orc wizard (D:8)
  3 plants (D:7)
  3 withered plants (D:2)
8 creatures vanquished.

Grand Total: 183 creatures vanquished

Notes
Turn   | Place    | Note
-------+----------+-------------------------------------------
     0 | D:1      | cheesebisquit the Minotaur Berserker began the quest for
                  | the Orb.
     0 | D:1      | Reached XP level 1. HP: 19/19 MP: 0/0
   231 | D:1      | Reached XP level 2. HP: 27/27 MP: 1/1
   350 | D:1      | Found Oroewec's Assorted Antiques.
   600 | D:1      | Reached skill level 4 in Axes
  1124 | D:2      | Found a faded altar of an unknown god.
  1189 | D:2      | Reached XP level 3. HP: 33/33 MP: 2/2
  1774 | D:2      | Reached skill level 5 in Axes
  2080 | D:3      | Found Ugaik's Vocational Training.
  2081 | D:3      | Reached ** piety under Trog
  2186 | D:3      | Noticed a scorpion
  2197 | D:3      | Killed a scorpion
  2198 | D:3      | Reached skill level 6 in Axes
  2198 | D:3      | Reached XP level 4. HP: 31/40 MP: 3/3
  2392 | D:3      | Found a sacrificial altar of Ru.
  2494 | D:3      | Found a basalt altar of Yredelemnul.
  2508 | D:3      | Reached XP level 5. HP: 30/46 MP: 4/4
  2842 | D:3      | Found an opulent altar of Gozag.
  2857 | D:3      | Found a bloodstained altar of Trog.
  2877 | D:3      | Found a hide-covered altar of Uskayaw.
  2962 | D:3      | Reached skill level 7 in Axes
  3306 | D:4      | Reached XP level 6. HP: 45/52 MP: 5/5
  3370 | D:4      | Reached skill level 8 in Axes
  4225 | D:4      | Reached skill level 9 in Axes
  4500 | D:4      | Reached XP level 7. HP: 58/58 MP: 6/6
  4767 | D:1      | Bought a runed war axe for 162 gold pieces
  4904 | D:5      | Entered Level 5 of the Dungeon
  5026 | D:5      | Reached skill level 10 in Axes
  5425 | D:5      | Noticed Pikel
  5442 | D:5      | Killed Pikel
  5443 | D:5      | Reached skill level 5 in Fighting
  5443 | D:5      | Reached skill level 11 in Axes
  5443 | D:5      | Reached XP level 8. HP: 68/68 MP: 7/7
  6168 | D:5      | Reached skill level 12 in Axes
  6262 | D:5      | Reached skill level 5 in Armour
  6818 | D:6      | Found a shimmering blue altar of Sif Muna.
  6991 | D:6      | Reached XP level 9. HP: 65/75 MP: 8/8
  7649 | D:7      | Reached skill level 13 in Axes
  7676 | D:7      | Found a staircase to the Ecumenical Temple.
  8477 | D:7      | Found a glowing silver altar of Zin.
  8730 | D:8      | Reached skill level 14 in Axes
  8924 | D:8      | Noticed a gargoyle
  8928 | D:8      | Noticed a centaur warrior
  8933 | D:8      | Reached XP level 10. HP: 88/88 MP: 9/9
  8938 | D:8      | Killed a gargoyle
  8953 | D:8      | Killed a centaur warrior
  8973 | D:8      | Slain by an efreet

Illustrated notes

Levels and vault maps discovered:
D:1:      eino_arrival_cavern_c, layout_basic, serial_rivers,
          chequers_serial_rivers_small_b, chequers_serial_rivers_micro_a,
          chequers_serial_rivers_small_a, chequers_serial_rivers_micro_b,
          serial_shops, shop
D:2:      layout_loops_cross, ebering_ecumenical_altar_petrified,
          roderic_serpentine_path
D:3:      layout_loops_ring, bloody_trog, mainiacjoe_overflow_catch_the_wave,
          mainiacjoe_overflow_big_doors, nicolae_shop_vocational
D:4:      layout_layer_cave
D:5:      layout_loops_corners, uniq_pikel
D:6:      layout_gridville, kennysheep_mini, chequers_serial_rivers_room_a,
          kennysheep_potato
D:7:      layout_loops_cross, zin_treasury, minmay_temple_entry_gardened_gates,
          minivault_24
D:8:      layout_basic, minmay_pinched_square

Skill      XL: |  1  2  3  4  5  6  7  8  9 10 |
---------------+-------------------------------+-----
Axes           | 4 6 7 9 11 12 14 | 14.8
Fighting       | 5 6 8 |  8.6
Armour         | 4 5 7 8 |  8.1
Dodging        | |  2.5

Action                   |  1- 3 |  4- 6 |  7- 9 | 10-12 || total
-------------------------+-------+-------+-------+-------++-------
Melee: Hand axe          |    84 |   129 |       |       ||   213
       Headbutt          |    16 |    17 |    25 |     9 ||    67
       Punch             |       |     1 |     1 |       ||     2
       War axe           |       |       |   198 |    31 ||   229
Throw: Dart              |       |       |    10 |       ||    10
Invok: Berserk           |       |     4 |     5 |       ||     9
       Trog's Hand       |       |     4 |     3 |     3 ||    10
  Use: Scroll            |       |       |     9 |       ||     9
       Potion            |       |       |       |     1 ||     1
Armor: Ring mail         |     9 |       |       |       ||     9
       Chain mail        |    29 |    50 |    64 |    15 ||   158
Dodge: Dodged            |    31 |    46 |    68 |     9 ||   154
Block: Other             |       |       |     5 |    11 ||    16
